 Dungeon Crawl Stone Soup version 0.19-a0-659-g8260ecf (webtiles) character file.

30 pk666 the Chopper (level 3, -1/33 HPs)
             Began as a Minotaur Berserker on June 16, 2016.
             Was a Follower of Trog.
             Slain by Natasha (9 damage)
             ... on level 2 of the Dungeon.
             The game lasted 00:01:41 (1291 turns).

pk666 the Chopper (Minotaur Berserker)              Turns: 1291, Time: 00:01:42

Health: -1/33      AC:  3    Str: 22    XL:     3   Next: 5%
Magic:  2/2        EV: 12    Int:  4    God:    Trog [*.....]
Gold:   42         SH:  0    Dex:  9    Spells: 0 memorised, 2 levels left

rFire  . . .     SeeInvis .     a - +0 hand axe
rCold  . . .     Gourm    .     b - +0 animal skin
rNeg   . . .     Faith    .     (no shield)
rPois  .         Spirit   .     (helmet restricted)
rElec  .         Dismiss  .     (no cloak)
rCorr  .         Reflect  .     e - +0 pair of gloves
SustAt .         Harm     .     (no boots)
MR     .....                    (no amulet)
Stlth  +.........               (no ring)
                                (no ring)

@: not resistant to hostile enchantments, very unstealthy
A: retaliatory headbutt, horns 2
a: Berserk, Burn Spellbooks, Renounce Religion


You were on level 2 of the Dungeon.
You worshipped Trog.
Trog was aware of your devotion.
You were not hungry.

You visited 1 branch of the dungeon, and saw 2 of its levels.

You collected 42 gold pieces.

Inventory:

Hand Weapons
 a - a +0 hand axe (weapon)
Armour
 b - a +0 animal skin (worn)
 e - a +0 pair of gloves (worn)
 k - a +0 ring mail
Scrolls
 d - a scroll of teleportation {unknown}
 f - a scroll of noise {unknown}
 h - 2 scrolls of random uselessness {unknown}
 i - a scroll of enchant weapon {unknown}
Potions
 g - 2 potions of flight {unknown}
Comestibles
 c - a bread ration
 j - a meat ration


   Skills:
 + Level 4.0 Fighting
 + Level 4.0 Axes
 + Level 2.8 Armour
 + Level 2.9 Dodging


You had 2 spell levels left.
You didn't know any spells.

Dungeon Overview and Level Annotations

Branches:
Dungeon (2/15)

Altars:
The Shining One

Annotations:
D:2 Natasha


Innate Abilities, Weirdness & Mutations

You reflexively headbutt those who attack you in melee.
You have a pair of horns on your head.


Message History

You hit the crimson imp.
The crimson imp is lightly wounded.
You closely miss Natasha. The crimson imp barely misses you.
Natasha stares at you and mumbles some strange words.
The magic dart hits you!
You miss the crimson imp.
The crimson imp is lightly wounded.
You closely miss Natasha.
The crimson imp lashes its tail.
The crimson imp hits you. Natasha closely misses you.
You closely miss Natasha. Your headbutt misses Natasha.
You barely miss the crimson imp. The crimson imp hits you.
Natasha casts a spell at you. The magic dart hits you!
You hit Natasha.
Natasha is moderately wounded.
You miss the crimson imp. The crimson imp hits you.
* * * LOW HITPOINT WARNING * * *
Natasha claws you!
You die...

.. #[# #. # # #.### #.##
###) #.#.. ####..#
....###.#.# .......
#.......#.# ####..
........#[# . ####.
#.#...5h#.# .. #....
.......@#.####... #....
#.#.............. #....
#.......%........ #....
###.####......... #.>..
.........######### #....
###.###$.#.......###....
#..#.......##.....
#..#.......#......
#............#....


You could see Natasha and a crimson imp.

Vanquished Creatures
  An adder (D:2)
  A dart slug (D:1)
  3 giant geckos
  A bat (D:1)
  4 hobgoblins
  A quokka (D:2)
  2 giant newts (D:1)
  3 rats (D:2)
16 creatures vanquished.

Notes
Turn   | Place    | Note
--------------------------------------------------------------
     0 | D:1      | pk666 the Minotaur Berserker began the quest for the Orb.
     0 | D:1      | Reached XP level 1. HP: 19/19 MP: 0/0
   243 | D:1      | You fall through a shaft!
   269 | D:2      | Reached XP level 2. HP: 27/27 MP: 1/1
  1133 | D:2      | Reached XP level 3. HP: 19/33 MP: 2/2
  1155 | D:2      | Found a glowing golden altar of the Shining One.
  1283 | D:2      | Noticed Natasha
  1291 | D:2      | Slain by Natasha

Vault maps used:
D:1:      lightli_arrival_maybe_door_vault
D:2:      tso_oasis_becter, uniq_iyjb, uniq_natasha

Skill      XL: |  1  2  3 |
---------------+----------+-----
Axes           | 4 |  4.0
Fighting       | 4 |  4.0
Armour         | |  2.8
Dodging        | |  2.9

Action                   || total
-------------------------++-------
Melee: Hand axe          ||    46
       Headbutt          ||     3
Invok: Berserk           ||     1
  Eat: Chunk             ||     2
Armor: Animal skin       ||    10
Dodge: Dodged            ||    27
